 Dungeon Crawl Stone Soup version 0.28.0-43-g3370ac3207 (webtiles) character file.

Game seed: 16789270104057787884

44 pkoi the Insei (level 3, -10/29 HPs)
             Began as a Demigod Gladiator on Mar 24, 2022.
             Killed by an exploding bat (33 damage)
             ... ignited by their inner flame
             ... on level 2 of the Dungeon.
             The game lasted 00:02:54 (2233 turns).

pkoi the Insei (Demigod Gladiator)                  Turns: 2233, Time: 00:02:54

Health: -10/29     AC:  4    Str: 15    XL:     3   Next: 22%
Magic:  5/5        EV: 12    Int: 14    God:
Gold:   62         SH:  0    Dex: 15    Spells: 2/2 levels left

rFire   . . .      SeeInvis .     - Unarmed
rCold   . . .      Faith    .   (no shield)
rNeg    . . .      Spirit   .   a - +0 leather armour
rPois   .          Reflect  .   b - +0 helmet
rElec   .          Harm     .   (no cloak)
rCorr   .          Rampage  .   (no gloves)
Will    .....                   (no boots)
Stlth   +.........              (no amulet)
HPRegen 0.09/turn               (no ring)
MPRegen 0.09/turn               (no ring)

@: about to teleport, weak-willed
A: high MP 1, forlorn, divine attributes
a: no special abilities


You were on level 2 of the Dungeon.
You visited 1 branch of the dungeon, and saw 3 of its levels.

You collected 62 gold pieces.

Inventory:

Missiles
 c - 3 throwing nets (quivered)
Armour
 a - a +0 leather armour (worn)
 b - a +0 helmet (worn)
Scrolls
 e - a scroll of summoning
 f - a scroll of vulnerability
Potions
 d - 2 potions of curing {unknown}
 h - a potion of lignification


   Skills:
 - Level 1.7 Fighting
 - Level 1.7 Throwing
 - Level 2.6 Dodging
 * Level 4.1 Unarmed Combat


You had 2 spell levels left.
You didn't know any spells.
Your spell library contained the following spells:

 Spells                   Type           Power      Damage    Failure   Level
 Summon Guardian Golem    Hex/Summ       0%         N/A       71%         3
 Orb of Destruction       Conj           0%         9d5       100%        7
 Spellforged Servitor     Conj/Summ      0%         N/A       100%        7


Dungeon Overview and Level Annotations

Branches:
Dungeon (3/15)


Innate Abilities, Weirdness & Mutations

You have an increased reservoir of magic. (+10% MP)
You shall have no god before yourself.
Your divine heritage dramatically boosts your attributes as you level up.


Message History

The phantom misses you.
As you read the scroll labelled JIKARA QESEAPN, it crumbles to dust.
It is a scroll of identify.
h - a potion of lignification Your bat hits the phantom.
Your adder bites the phantom.
Your dart slug launches a dart at the phantom.
The slug dart hits the phantom.
The phantom hits you but does no damage.
Your adder closely misses the phantom.
As you read the scroll labelled JIESSA EKHLIUDE, it crumbles to dust.
You feel strangely unstable.
It was a scroll of teleportation.
Your hobgoblin barely misses the phantom.
Your adder misses the phantom. The phantom barely misses you.
As you read the scroll labelled MOESIER PUSE, it crumbles to dust.
The creatures around you are filled with an inner flame!
It was a scroll of immolation.
Your bat hits the phantom but does no damage.
Your bat misses the phantom.
Your hobgoblin closely misses the phantom.
Your adder completely misses the phantom.
The phantom misses you.
Your bat barely misses the phantom.
Your adder bites the phantom.
Flame seeps out of the phantom.
Your hobgoblin hits the phantom.
Flame seeps out of the phantom.
Your bat closely misses the phantom.
Your dart slug bites the phantom.
Flame seeps out of the phantom.
The phantom is engulfed in blazing flames.
The phantom explodes!
The fiery explosion engulfs your bat!!!
Your bat's corpse dissolves into shadows!
The fiery explosion engulfs your adder!!!
Your adder's corpse dissolves into shadows!
The fiery explosion engulfs your hobgoblin!!!
Your hobgoblin's corpse dissolves into shadows!
The fiery explosion engulfs your dart slug!!!
Your dart slug's corpse dissolves into shadows!
Your dart slug explodes!
Your hobgoblin explodes!
Your adder explodes!
Your bat explodes!
The fiery explosion engulfs you!!
Ouch! That really hurt!
You die...

#############
##.....#.....##
##.............## #
#...............# #
#...............# #
#.....§§§§......# #
#.....§§○§§....>########
#.....§§§§§.............
##....§@§§§......#######
##.....#.....##...# #
#####.####..##...# #
#..##..###...### #
#......###.....###
##...#..##...#....
#...#............
#......##.......<
##########...#............


There were no monsters in sight!

Vanquished Creatures
  A phantom (D:2)
  An adder (D:2)
  2 worms (D:2)
  3 bats
  2 endoplasms (D:1)
  A giant cockroach (D:2)
  3 goblins
  A hobgoblin (D:1)
  3 jackals (D:2)
  2 quokkas (D:2)
  2 ball pythons
  2 frilled lizards
  3 kobolds
  3 rats
29 creatures vanquished.

Notes
Turn   | Place    | Note
-------+----------+-------------------------------------------
     0 | D:1      | pkoi the Demigod Gladiator began the quest for the Orb.
     0 | D:1      | Reached XP level 1. HP: 17/17 MP: 3/3
   170 | D:1      | Reached skill level 3 in Unarmed Combat
   532 | D:1      | Reached XP level 2. HP: 3/24 MP: 4/4
  2073 | D:2      | Reached skill level 4 in Unarmed Combat
  2073 | D:2      | Reached XP level 3. HP: 29/29 MP: 5/5
  2192 | D:3      | Noticed a phantom
  2233 | D:2      | Killed a phantom
  2233 | D:2      | Killed by an exploding bat... ignited by their inner flame

Illustrated notes

Levels and vault maps discovered:
D:1:      eino_arrival_water_cross, layout_basic
D:2:      layout_rooms
D:3:      minmay_evil_eye, layout_loops_ring,
          mainiacjoe_overflow_concentric_impassable,
          ebering_ecumenical_altar_ruins, uniq_sigmund, uniq_jessica

Skill      XL: |  1  2 |
---------------+-------+-----
Unarmed Combat | 3 4 |  4.1
Fighting       | |  1.7
Throwing       | |  1.7
Dodging        | |  2.6

Action                   || total
-------------------------++-------
Melee: Unarmed           ||   110
       Punch             ||     7
  Use: Scroll            ||     5
 Stab: Sleeping          ||     1
Armor: Leather armour    ||    31
Dodge: Dodged            ||    64
